AoeStats
← ERA AI

Arabia

504719079Analyzed
4v4 RM · 25d ago on Sep 6, 2026· 78m 56s· 8 players
Game mode
Random Map
Map size
Large (8 player)
Population
200
Speed
Normal
Resources
Standard
Victory
Conquest
Starting age
Dark Age
Ending age
Imperial Age
RankedLock teamsTeams togetherTeam positionsShared explorationLock speedFull tech treeHidden civsTurbo modeCheats
Victory
Defeat
🇨🇳 Persians · China
1116
+12
🇪🇸 Romans · Spain
982
+17
🇩🇪 Byzantines · Germany
981
+17
🇨🇳 Khmer · China
957
+17
🇳🇱 Wei · Netherlands
1030
-17
🇳🇱 Gurjaras · Netherlands
1002
-16
🇳🇱 Britons · Netherlands
994
-15
🇳🇱 Franks · Netherlands
994
-15
burg_olaf
8:36 Loom
10:22 Feudal Age
16:23 Castle Age
14:53 Double-Bit Axe
23:14 Fletching
23:24 Padded Archer Armor
24:48 Padded Archer Armor
25:58 Town Watch
26:58 Ballistics
28:53 Wheelbarrow
28:27 Gold Mining
30:50 Thumb Ring
31:31 Horse Collar
32:18 Bodkin Arrow
33:55 Husbandry
34:55 Leather Archer Armor
36:40 Hand Cart
37:46 Town Patrol
38:30 Bloodlines
42:12 Imperial Age
43:20 Parthian Tactics
43:27 Ring Archer Armor
42:57 Bracer
44:01 Chemistry
46:02 Heavy Hei Guang Cavalry
47:11 Forging
47:07 Scale Barding Armor
51:56 Iron Casting
51:41 Chain Barding Armor
52:14 Light Cavalry
54:43 Heavy Plow
56:28 Blast Furnace
55:53 Murder Holes
55:34 Hussar
59:59 Pikeman
60:40 Squires
61:58 Crop Rotation
61:51 Bow Saw
69:55 Caravan
fabberlaan
6:02 Loom
12:12 Feudal Age
12:38 Double-Bit Axe
26:24 Castle Age
25:31 Forging
26:37 Pikeman
27:21 Scale Mail Armor
27:37 Fletching
30:05 Padded Archer Armor
30:29 Crossbowman
34:52 Gold Mining
36:38 Iron Casting
36:40 Scale Barding Armor
37:15 Gold Shaft Mining
36:13 Light Cavalry
37:34 Bodkin Arrow
37:30 Horse Collar
38:04 Bow Saw
38:09 Husbandry
60:13 Leather Archer Armor
71:33 Imperial Age
70:14 Ballistics
73:22 Conscription
74:21 Two-Man Saw
78:00 Wheelbarrow
ERA AI
12:10 Loom
13:56 Feudal Age
19:30 Castle Age
17:44 Double-Bit Axe
20:06 Forging
20:02 Scale Barding Armor
20:14 Husbandry
21:46 Fletching
28:43 Bodkin Arrow
29:25 Iron Casting
30:39 Squires
30:00 Pikeman
35:23 Bow Saw
40:22 Imperial Age
40:32 Chain Barding Armor
42:48 Blast Furnace
42:22 Cavalier
44:49 Plate Barding Armor
47:11 #83
46:52 Chivalry
47:01 Herbal Medicine
51:18 Paladin
67:12 Halberdier
71:37 Scale Mail Armor
77:34 Masonry
Wardfire
10:59 Feudal Age
14:08 Loom
17:40 Castle Age
17:43 Double-Bit Axe
17:40 Horse Collar
22:03 Town Watch
25:43 Wheelbarrow
25:47 Town Patrol
26:01 Stone Mining
26:07 Gold Mining
28:34 Bloodlines
29:18 Forging
29:17 Scale Barding Armor
30:33 Husbandry
30:59 Kshatriyas
32:42 Iron Casting
32:36 Chain Barding Armor
33:14 Hand Cart
35:09 Gold Shaft Mining
35:12 Stone Shaft Mining
37:15 Imperial Age
37:21 Heavy Camel Rider
38:43 Plate Barding Armor
39:19 Frontier Guards
40:24 Siege Elephant
42:27 Chemistry
46:50 Conscription
47:00 Elite Chakram Thrower
47:39 Man-at-Arms
48:07 Arson
50:14 Scale Mail Armor
61:40 Chain Mail Armor
61:33 Caravan
68:53 Heavy Plow
69:08 Bow Saw
79:32 Crop Rotation
78:29 Heavy Scorpion
78:38 Onager
manejc94
11:11 Feudal Age
12:40 Double-Bit Axe
15:38 Horse Collar
19:02 Castle Age
17:08 Stone Mining
17:27 Gold Mining
19:35 Wheelbarrow
18:48 Loom
22:40 Bow Saw
22:32 Heavy Plow
26:50 Squires
31:25 Hand Cart
31:22 Pikeman
33:51 Forging
33:41 Scale Mail Armor
37:29 Imperial Age
36:30 Fortified Wall
37:50 Iron Casting
37:30 Chain Mail Armor
36:43 Man-at-Arms
37:35 Long Swordsman
39:34 Blast Furnace
39:24 Gold Shaft Mining
38:21 Heavy Scorpion
38:22 Capped Ram
40:08 Chemistry
39:35 Ballistics
39:36 Legionary
40:57 Halberdier
60:50 Caravan
67:16 Ballistas
67:32 Conscription
76:13 Siege Ram
Vtinglove
6:42 Loom
10:18 Feudal Age
10:39 Horse Collar
10:50 Double-Bit Axe
20:39 Castle Age
19:33 Scale Barding Armor
19:38 Forging
20:20 Bloodlines
21:06 Town Watch
26:55 Husbandry
29:18 Fletching
30:41 Wheelbarrow
30:44 Bodkin Arrow
30:49 Padded Archer Armor
31:26 Heavy Plow
32:01 Stone Mining
32:01 Gold Mining
32:48 Hand Cart
32:25 Elite Skirmisher
35:59 Imperial Age
34:21 Leather Archer Armor
36:05 Cavalier
36:45 Gold Mining
37:30 Stone Shaft Mining
38:08 Chemistry
37:30 Thumb Ring
38:33 Crop Rotation
38:45 Gold Shaft Mining
38:23 Bow Saw
38:45 Ballistics
39:02 Ring Archer Armor
38:53 Chain Barding Armor
39:08 Iron Casting
38:52 Savar
41:10 Conscription
41:18 Caravan
40:54 Light Cavalry
42:18 Iron Casting
43:10 Two-Man Saw
41:58 Hussar
43:13 Kamandaran
44:00 Pikeman
44:41 Squires
44:42 Scale Mail Armor
45:42 Blast Furnace
44:53 Halberdier
46:45 Chain Mail Armor
46:42 Crossbowman
48:25 Plate Barding Armor
49:21 Plate Mail Armor
55:24 Murder Holes
59:23 Heavy Camel Rider
65:44 Hoardings
70:43 Citadels
77:51 Capped Ram
SalBaKiz
8:25 Loom
12:47 Feudal Age
17:55 Castle Age
16:36 Horse Collar
18:19 Double-Bit Axe
21:11 Wheelbarrow
28:48 Husbandry
29:00 Scale Barding Armor
29:53 Gold Mining
36:20 Hand Cart
36:04 Elite Skirmisher
38:04 Gold Shaft Mining
42:06 Imperial Age
40:09 Chain Barding Armor
39:59 Forging
40:11 Stone Mining
42:36 Murder Holes
43:07 Heavy Camel Rider
44:00 Guilds
45:45 Conscription
46:56 Bow Saw
46:50 Heavy Plow
48:18 Padded Archer Armor
48:09 Fletching
48:56 Plate Barding Armor
48:59 Iron Casting
49:18 Fortified Wall
50:27 Two-Man Saw
50:46 Hoardings
51:58 Bodkin Arrow
52:19 Leather Archer Armor
57:22 Logistica
57:44 Caravan
61:31 Elite Cataphract
淦
6:50 Loom
13:52 Feudal Age
15:03 Double-Bit Axe
16:35 Gold Mining
21:12 Horse Collar
24:04 Stone Mining
27:15 Castle Age
30:06 Gold Shaft Mining
31:56 Bow Saw
32:02 Light Cavalry
32:54 Bloodlines
32:44 Husbandry
33:27 Stone Shaft Mining
35:17 Heavy Plow
38:48 Imperial Age
36:40 Fletching
36:51 Padded Archer Armor
37:01 Forging
38:57 Ballistics
40:34 Chemistry
42:03 Elite Ballista Elephant
42:44 Double Crossbow
43:06 Conscription
43:41 Iron Casting
47:26 Blast Furnace
46:22 Bodkin Arrow
46:42 Leather Archer Armor
46:33 Scale Barding Armor
48:16 Hoardings
47:43 Pikeman
48:11 Arson
48:55 Bracer
52:41 Siege Engineers
52:48 Masonry
52:35 Murder Holes
55:55 Chain Barding Armor
56:06 Ring Archer Armor
58:03 Plate Barding Armor
57:44 Fortified Wall
58:05 Architecture
60:04 Caravan
64:19 Caravan
Connection lost

Rejoining the realm…

Still unreachable

The connection could not be restored.

Session expired

The server has moved on; the page needs a fresh start.